 Dungeon Crawl Stone Soup version 0.28-a0-998-gb9e9c7b67e (webtiles) character file.

Game seed: 10950286898429180627

106 ytrimaz the Insei (level 4, -5/29 HPs)
             Began as an Octopode Transmuter on Dec 5, 2021.
             Slain by an ogre (30 damage)
             ... on level 4 of the Dungeon.
             The game lasted 00:05:21 (3907 turns).

ytrimaz the Insei (Octopode Transmuter)             Turns: 3907, Time: 00:05:22

Health: -5/29      AC:  2    Str:  9    XL:     4   Next: 84%
Magic:  6/8        EV: 19    Int: 19    God:
Gold:   109        SH:  0    Dex: 17    Spells: 4/8 levels left

rFire   . . .      SeeInvis .     - Unarmed
rCold   . . .      Faith    .   (shield currently unavailable)
rNeg    . . .      Spirit   .   (helmet currently unavailable)
rPois   x          Reflect  .   (no amulet)
rElec   .          Harm     .   (no ring)
rCorr   .          Rampage  .   (no ring)
Will    .....                   (no ring)
Stlth   ++........              (no ring)
HPRegen 0.09/turn               (no ring)
MPRegen 0.11/turn               (no ring)
                                (no ring)
                                (no ring)

@: spider-form (expiring)
A: venomous fangs, almost no armour, (amphibious), 8 rings, tiny, (camouflage
1), (gelatinous body 1), (nimble swimmer 1), (tentacles), clever 1, (cold
resistance 1), high mp 1, (poison resistance)
a: End Transformation


You were on level 4 of the Dungeon.
You were a venomous arachnid creature.
You visited 1 branch of the dungeon, and saw 4 of its levels.

You collected 109 gold pieces.

Inventory:

Scrolls
 d - a scroll of fear
 e - a scroll of teleportation
Potions
 a - a potion of haste
 b - a potion of might {unknown}
 c - a potion of mutation
 h - a potion of attraction {unknown}
 i - a potion of heal wounds {unknown}
 j - 2 potions of cancellation
 k - a potion of curing


   Skills:
 * Level 2.0 Fighting
 + Level 2.5 Dodging
 + Level 3.9 Unarmed Combat
 + Level 2.5 Spellcasting
 + Level 2.5 Transmutations
 + Level 0.1 Poison Magic


You had 4 spell levels left.
You knew the following spells:

 Your Spells              Type           Power      Damage    Failure   Level
a - Beastly Appendage     Tmut           24%        N/A       16%         1
b - Spider Form           Tmut/Pois      7%         N/A       50%         3

Your spell library contained the following spells:

 Spells                   Type           Power      Damage    Failure   Level
 Wereblood                Tmut           12%        N/A       22%         2
 Slow                     Hex            8%         N/A       34%         1
 Ensorcelled Hibernation  Hex/Ice        4%         N/A       45%         2
 Confusing Touch          Hex            2%         N/A       65%         3
 Tukima's Dance           Hex            2%         N/A       65%         3
 Vampiric Draining        Necr           2%         2d6       65%         3
 Ice Form                 Ice/Tmut       7%         N/A       85%         4


Dungeon Overview and Level Annotations

Branches:
Dungeon (4/15)
 Temple: D:4-7

Altars:
Sif Muna
Zin


Innate Abilities, Weirdness & Mutations

You are a venomous arachnid creature.
You have poisonous fangs.
You are tiny and dextrous.
Your spellcasting is less reliable in this form.
Your armour is entirely melded.
You are incapable of wielding weapons or throwing items.
You cannot wear most types of armour.
((You are amphibious.))
You can wear up to eight rings at the same time.
((Your skin changes colour to match your surroundings (Stealth+).))
((Your rubbery body absorbs attacks. (AC +1, EV +1)))
((You are camouflaged near water. (Stealth+)))
((You have tentacles for arms and can constrict up to eight enemies at once.))
Your mind is acute. (Int +2)
((Your flesh is cold resistant. (rC+)))
You have an increased reservoir of magic. (+10% MP)
((Your system is resistant to poisons. (rPois)))


Message History

Found a dagger and 9 gold pieces.
There is a stone staircase leading up here.
Unknown command.
Unknown command.
You climb upwards.
There is a stone staircase leading down here.
There is an open door here.
You open the door.
There is an open door here.
There is an open door here.
There is a stone staircase leading down here.
You climb downwards.
Found a bubbling green potion.
Found two stone staircases leading down.
There is a stone staircase leading up here.
Unknown command.
Casting: Spider Form (extremely dangerous; 28% risk of failure)
Confirm with . or Enter, or press ? or * to list all spells.
The spell is extremely dangerous to miscast (28% risk of failure)!
Continue anyway? [Y]es or [N]o only, please.
The spell is extremely dangerous to miscast (28% risk of failure)!
Continue anyway?
You turn into a venomous arachnid creature.
Unknown command.
The ogre shouts!
You hear an angry hiss.
The ogre hits you with a +0 giant club.
You hit the ogre.
The ogre is moderately wounded.
An adder comes into view.
The ogre completely misses you.
You hit the ogre.
The ogre is moderately wounded.
You hit the ogre.
The ogre is poisoned.
The ogre is heavily wounded.
Your transformation is almost over.
The ogre misses you.
You hit the ogre but do no damage.
The ogre is heavily wounded.
The ogre hits you with a +0 giant club!!
Ouch! That really hurt!
You die...

..... . ##.>. ..
#... ### ...## #..#
...#
..!.###..##.....
##.......<...##
.##...##........#
......#........##
.......s........#
......O.........#
..................
....###...>........
..# ...S........# #
...##........ .#...
....... ##.. ......


You could see an ogre (poisoned) and an adder.

Vanquished Creatures
  An orc wizard (D:3)
  2 adders
  A dart slug (D:3)
  4 orcs (D:3)
  A ball python (D:2)
  5 bats
  4 endoplasms
  8 giant cockroaches
  3 hobgoblins
  5 jackals
  3 kobolds
  3 frilled lizards
  6 goblins
  5 rats
51 creatures vanquished.

Notes
Turn   | Place    | Note
-------+----------+-------------------------------------------
     0 | D:1      | ytrimaz the Octopode Transmuter began the quest for the
                  | Orb.
     0 | D:1      | Reached XP level 1. HP: 13/13 MP: 3/3
   483 | D:1      | Reached XP level 2. HP: 18/18 MP: 3/5
   827 | D:1      | Found a faded altar of an unknown god.
  1478 | D:2      | Reached XP level 3. HP: 17/23 MP: 4/6
  1482 | D:2      | Learned a level 3 spell: Spider Form
  2201 | D:2      | You fall into a shaft and drop 1 floor!
  2412 | D:3      | Found a glowing silver altar of Zin.
  2507 | D:3      | Gained mutation: You are partially covered in iridescent
                  | scales. (AC +2) [potion of mutation]
  2507 | D:3      | Gained mutation: Your flesh is heat resistant. (rF+)
                  | [potion of mutation]
  2507 | D:3      | Gained mutation: You do not regenerate when monsters are
                  | visible. [potion of mutation]
  2507 | D:3      | Gained mutation: You have an increased reservoir of magic.
                  | (+10% MP) [potion of mutation]
  2508 | D:3      | Lost mutation: You do not regenerate when monsters are
                  | visible. [potion of mutation]
  2508 | D:3      | Lost mutation: You are partially covered in iridescent
                  | scales. (AC +2) [potion of mutation]
  2508 | D:3      | Lost mutation: Your flesh is heat resistant. (rF+) [potion
                  | of mutation]
  2508 | D:3      | Gained mutation: Your flesh is cold resistant. (rC+)
                  | [potion of mutation]
  2508 | D:3      | Gained mutation: Your system is resistant to poisons.
                  | (rPois) [potion of mutation]
  2508 | D:3      | Gained mutation: Your mind is acute. (Int +2) [potion of
                  | mutation]
  2690 | D:3      | Found a shimmering blue altar of Sif Muna.
  2751 | D:3      | Reached XP level 4. HP: 29/29 MP: 8/8
  3898 | D:4      | Noticed an ogre
  3907 | D:4      | Slain by an ogre

Illustrated notes

Levels and vault maps discovered:
D:1:      elethiomel_arrival_infinity_welcomes_careful_drivers, layout_rooms,
          chequers_ecumenical_altar_simple_redux
D:2:      layout_basic
D:3:      layout_basic, mainiacjoe_overflow_concentric_impassable,
          nicolae_sif_muna_condensation
D:4:      layout_cave_pools, nicolae_overflow_hidden_temple,
          amcnicky_altar_gilded, serial_shops, nicolae_inconvenience_store,
          nicolae_diamond_shop, shop_statue, minmay_unequal, uniq_grinder

Skill      XL: |  1  2  3  4 |
---------------+-------------+-----
Fighting       | 2 |  2.0
Dodging        | |  2.5
Unarmed Combat | |  3.9
Spellcasting   | |  2.5
Transmutations | |  2.5
Poison Magic   | |  0.1

Action                   |  1- 3 |  4- 6 || total
-------------------------+-------+-------++-------
Melee: Unarmed           |    92 |    46 ||   138
       Constrict         |    28 |     6 ||    34
       Tentacles         |    16 |     2 ||    18
       Kick              |    19 |       ||    19
       Punch             |     2 |       ||     2
 Cast: Beastly Appendage |    23 |       ||    23
       Spider Form       |       |     3 ||     3
  Use: Scroll            |     8 |     1 ||     9
       Potion            |     2 |       ||     2
 Stab: Sleeping          |     7 |     2 ||     9
Armor: Skin              |    17 |     1 ||    18
Dodge: Dodged            |    81 |    23 ||   104

Table legend: (Time is in decaauts)
 A = Elapsed time spent in this place.
 B = Non-inter-level travel time spent in this place.
 C = Inter-level travel time spent in this place.
 D = Time resting spent in this place.
 E = Time spent auto-exploring this place.
 F = Levels seen in this place.
 G = Mean time per level.
                   A        B        C        D        E       F      G
               +--------+--------+--------+--------+--------+-----+--------+
         Total |   3897 |   3817 |     80 |    534 |   2752 |   4 |  974.2 |
       Dungeon |   3897 |   3817 |     80 |    534 |   2752 |   4 |  974.2 |
               +--------+--------+--------+--------+--------+-----+--------+

Top non-repeatable levels by time:
     D:3: 1690 daAuts
     D:1: 1136 daAuts
     D:2: 1060 daAuts
     D:4: 11 daAuts
